 Dungeon Crawl Stone Soup version 0.31-a0-232-gb1c03b2570 (webtiles) character file.

Game seed: 13316048308802389843

30 qw the Shooter (level 3, -1/29 HPs)
             Began as a Minotaur Hexslinger on July 7, 2023.
             Slain by a kobold
             ... wielding a +1 dagger of venom
              (4 damage)
             ... on level 1 of the Dungeon.
             The game lasted 00:00:13 (260 turns).

qw the Shooter (Minotaur Hexslinger)                 Turns: 260, Time: 00:00:14

Health: -1/29      AC:  2    Str: 12    XL:     3   Next: 3%
Magic:  3/3        EV: 12    Int: 10    God:
Gold:   41         SH:  0    Dex: 14    Spells: 3/4 levels left

rFire   . . .        a - +1 sling
rCold   . . .        (no shield)
rNeg    . . .        c - +0 robe
rPois   .            (helmet restricted)
rElec   .            (no cloak)
rCorr   .            (no gloves)
SInv    .            (no boots)
Will    .....        (no amulet)
Stlth   +            (no ring)
HPRegen 0.24/turn    (no ring)
MPRegen 0.08/turn

%: no passive effects
@: lethally poisoned (-1 -> -3)
A: horns 2, retaliatory headbutt
a: no special abilities


You were on level 1 of the Dungeon.
You visited 1 branch of the dungeon, and saw 1 of its levels.

You collected 41 gold pieces.


Innate Abilities, Weirdness & Mutations

You have a pair of horns on your head.
You reflexively headbutt those who attack you in melee.


   Skills:
 - Level 2.1 Fighting
 + Level 3.5 Ranged Weapons
 - Level 2.1 Dodging
 - Level 1.0 Spellcasting
 - Level 2.0 Hexes


You had 3 spell levels left.
You knew the following spells:

 Your Spells              Type           Power      Damage    Failure   Level
a - Slow                  Hex            16%        N/A       16%         1

Your spell library contained the following spells:

 Spells                   Type           Power      Damage    Failure   Level
 Inner Flame              Hex/Fire       2%         N/A       56%         3
 Portal Projectile        Hex/Tloc       4%         N/A       56%         3
 Cause Fear               Hex            2%         N/A       83%         4

Inventory:

Hand Weapons
 a - a +1 sling (weapon)
Armour
 c - a +0 robe (worn)
Jewellery
 g - a ring of flight
Scrolls
 b - a scroll of poison
 d - a scroll of teleportation {unknown}
 f - a scroll of enchant armour {unknown}
Potions
 e - 2 potions of might {unknown}

Dungeon Overview and Level Annotations

Branches:
Dungeon (1/15)

Altars:


Message History

You shoot a sling bullet.
The sling bullet closely misses the kobold.
The ball python bites you. The ball python barely misses you. x2
The ball python closely misses you.
The kobold hits you with a +0 short sword.
You shoot a sling bullet.
The sling bullet completely misses the kobold.
The ball python barely misses you. The ball python closely misses you.
The ball python bites you. The ball python grabs you.
The ball python constricts you. The kobold barely misses you.
You furiously retaliate!
You headbutt the kobold.
You kill the kobold!
The ball python bites you.
The ball python bites you but does no damage.
The ball python constricts you.
You shoot a sling bullet.
The sling bullet barely misses the ball python.
The ball python bites you. The ball python closely misses you.
The ball python constricts you.
You shoot a sling bullet.
The sling bullet closely misses the ball python.
The ball python barely misses you. The ball python constricts you.
The ball python bites you but does no damage.
The ball python bites you. x2; The ball python constricts you.
The kobold hits you with a +1 dagger of venom.
You are poisoned.
You shoot a sling bullet. The sling bullet hits the ball python.
You kill the ball python!
You feel sick. The ball python closely misses you.
The ball python barely misses you. The kobold hits you but does no damage.
You shoot a sling bullet.
The sling bullet closely misses the kobold.
You feel sick. The ball python bites you. The ball python grabs you.
The ball python constricts you. The kobold barely misses you.
The ball python bites you. The ball python constricts you.
You shoot a sling bullet. The sling bullet hits the ball python!
You kill the ball python!
You feel sick.
The kobold hits you with a +1 dagger of venom.
You die...

... #)########.####
..... .#........#.####
.....###.##.......#.##..
..........+....####.##..
.........##....#....##..
.................#######
#.......#######.)#
......%.%........#####
...#.K@#....#.).....#
#.####.#.........# #
#.#.#.......#
#...........#
###.).......#
####......# ########


You could see a kobold.

Vanquished Creatures
  2 dart slugs (D:1)
  4 ball pythons (D:1)
  A bat (D:1)
  An endoplasm (D:1)
  A giant cockroach (D:1)
  2 goblins (D:1)
  3 jackals (D:1)
  6 kobolds (D:1)
  6 rats (D:1)
26 creatures vanquished.

Notes
Turn   | Place    | Note
-------+----------+-------------------------------------------
     0 | D:1      | qw the Minotaur Hexslinger began the quest for the Orb.
     0 | D:1      | Reached XP level 1. HP: 16/16 MP: 1/1
     0 | D:1      | 0 ||| qw: Version: 0.3-a-46-gb1f654a
     0 | D:1      | 0 ||| qw: Game counter: 2799
     0 | D:1      | 0 ||| qw: Melee chars always use a shield: true
     0 | D:1      | 0 ||| qw: God list: Okawaru
     0 | D:1      | 0 ||| qw: Allow faded altars: false
     0 | D:1      | 0 ||| qw: Do Orc after clearing Dungeon:15 true
     0 | D:1      | 0 ||| qw: Do second Lair branch before Depths: true
     0 | D:1      | 0 ||| qw: Lair rune preference: random
     0 | D:1      | 0 ||| qw: Goals: Normal
     0 | D:1      | 0 ||| PLANNING D:1-11
    27 | D:1      | Reached skill level 3 in Ranged Weapons
    30 | D:1      | Reached XP level 2. HP: 19/23 MP: 2/2
   245 | D:1      | Reached XP level 3. HP: 29/29 MP: 3/3
   259 | D:1      | HP: 5/29 [ball python (3)]
   260 | D:1      | Slain by a kobold

Levels and vault maps discovered:
D:1:      shiori_arrival_oz, layout_basic

Skill      XL: |  1  2 |
---------------+-------+-----
Ranged Weapons | 3 |  3.5
Fighting       | 2 |  2.1
Dodging        | |  2.1
Spellcasting   | |  1.0
Hexes          | |  2.0

Action                     || total
---------------------------++-------
   Fire: Sling             ||    72
 Armour: Robe              ||    13
  Dodge: Dodged            ||    34

Table legend:
 A = Non-vault XP
 B = Vault XP
 C = Vault XP percentage of total XP
 D = Non-vault monster count
 E = Vault monster count
 F = Vault count percentage of total count
                 A         B        C        D         E       F
            +---------+---------+-------+---------+---------+-------
      Total |      42 |       3 |   6.7 |      24 |       2 |   7.7
            +---------+---------+-------+---------+---------+-------
        D:1 |      42 |       3 |   6.7 |      24 |       2 |   7.7
            +---------+---------+-------+---------+---------+-------
